LMB
QUINTANA ROO TIGRES @ CAMPECHE PIRATAS
07/21/2007
 
TOP OF THE 1ST
Quintana Roo Tigres batting - Pitching for Campeche Piratas : RHP Quadir Glinton
Pitching: RHP Quadir Glinton
Batting: LHB Humberto Laureano 0-0: Ball
1-0: Ground out 6-3 (Groundball, 6)
Batting: RHB Luis Morales 0-0: Ball
1-0: Ball
2-0: Foul Ball, location: 2F
2-1: Foul Ball, location: 2F
2-2: Foul Ball, location: 2F
2-2: Ground out 5-3 (Groundball, 56)
Batting: SHB Luis Serrano 0-0: Called Strike
0-1: Foul Ball, location: 2F
0-2: Fly out, F9 (Flyball, 89M)
Top of the 1st over - 0 runs, 0 hits, 0 errors, 0 left on base; Quintana Roo 0 - Campeche 0
BOTTOM OF THE 1ST
Campeche Piratas batting - Pitching for Quintana Roo Tigres : RHP Luis Garza
Pitching: RHP Luis Garza
Batting: LHB Nate Moran 0-0: Ball
1-0: Ground out 1-3 (Groundball, 34S)
Batting: RHB Juan Aluarez 0-0: Ball
1-0: Called Strike
1-1: Foul Ball, location: 2F
1-2: Strikes out swinging
Batting: LHB Danny Lauher 0-0: Called Strike
0-1: Foul Ball, location: 2F
0-2: Foul Ball, location: 2F
0-2: Ball
1-2: Ground out 4-3 (Groundball, 4S)
Bottom of the 1st over - 0 runs, 0 hits, 0 errors, 0 left on base; Quintana Roo 0 - Campeche 0
TOP OF THE 2ND
Quintana Roo Tigres batting - Pitching for Campeche Piratas : RHP Quadir Glinton
Batting: LHB Alfredo Ayon 0-0: Ball
1-0: Fly out, F7 (Flyball, 7LS)
Batting: LHB Eric Portilla 0-0: Ball
1-0: Swinging Strike
1-1: Fly out, F8 (Flyball, 8RS)
Batting: RHB Donte Kolawole 0-0: Called Strike
0-1: Foul Ball, location: 2F
0-2: Ball
1-2: Ball
2-2: Strikes out swinging
Top of the 2nd over - 0 runs, 0 hits, 0 errors, 0 left on base; Quintana Roo 0 - Campeche 0
BOTTOM OF THE 2ND
Campeche Piratas batting - Pitching for Quintana Roo Tigres : RHP Luis Garza
Batting: RHB Jon Norman 0-0: Foul Ball, location: 2F
0-1: Foul Ball, location: 2F
0-2: Ball
1-2: Foul Ball, location: 2F
1-2: Foul Ball, location: 2F
1-2: Ball
2-2: Foul Ball, location: 2F
2-2: Foul Ball, location: 2F
2-2: Ball
3-2: Ground out 6-3 (Groundball, 6)
Batting: LHB Ernesto Quispe 0-0: Ball
1-0: SOLO HOME RUN (Flyball, 9D), Distance : 375 ft
Batting: RHB Ken Rowden 0-0: Ball
1-0: Foul Ball, location: 2F
1-1: Ball
2-1: Ball
3-1: Foul Ball, location: 2F
3-2: Strikes out swinging
Batting: LHB Tyrese Majied 0-0: Ball
1-0: Called Strike
1-1: Ball
2-1: Foul Ball, location: 2F
2-2: Strikes out swinging
Bottom of the 2nd over - 1 run, 1 hit, 0 errors, 0 left on base; Quintana Roo 0 - Campeche 1
TOP OF THE 3RD
Quintana Roo Tigres batting - Pitching for Campeche Piratas : RHP Quadir Glinton
Batting: LHB Danny Helfrich 0-0: Ball
1-0: Fly out, F7 (Flyball, 78M)
Batting: LHB Kevin Jordan 0-0: Called Strike
0-1: Called Strike
0-2: Ball
1-2: Foul Ball, location: 2F
1-2: Foul Ball, location: 2F
1-2: DOUBLE (Flyball, 8LXD)
Batting: LHB Cletus Goyette 0-0: Ball
1-0: Foul Ball, location: 2F
1-1: Called Strike
1-2: Ball
2-2: Foul Ball, location: 2F
2-2: Ball
3-2: Foul Ball, location: 2F
3-2: Foul Ball, location: 2F
3-2: Fly out, F7 (Flyball, 78D)
Batting: LHB Humberto Laureano 0-0: Foul Ball, location: 2F
0-1: Ball
1-1: Foul Ball, location: 2F
1-2: Ball
2-2: SINGLE (Line Drive, 56D)
Kevin Jordan to third
Runner from 3rd tries for Home, SAFE, throw by LF to home
Humberto Laureano to second
Batting: RHB Luis Morales 0-0: Ground out 6-3 (Groundball, 6M)
Top of the 3rd over - 1 run, 2 hits, 0 errors, 1 left on base; Quintana Roo 1 - Campeche 1
BOTTOM OF THE 3RD
Campeche Piratas batting - Pitching for Quintana Roo Tigres : RHP Luis Garza
Batting: RHB Sergio Valadez 0-0: Ball
1-0: Ball
2-0: Ball
3-0: Base on Balls
Batting: LHB Sergio Carrillo 0-0: Ball
1-0: Called Strike
Sergio Valadez steals 2nd base
1-1: Foul Ball, location: 2F
1-2: Ground out 4-3 (Groundball, 4)
Sergio Valadez to third
Batting: LHB Nate Moran 0-0: Ball
1-0: Ball
2-0: Called Strike
2-1: Ground out 4-3 (Groundball, 4)
Sergio Valadez scores
Batting: RHB Juan Aluarez 0-0: Ball
1-0: Called Strike
1-1: Swinging Strike
1-2: Strikes out swinging
Bottom of the 3rd over - 1 run, 0 hits, 0 errors, 0 left on base; Quintana Roo 1 - Campeche 2
TOP OF THE 4TH
Quintana Roo Tigres batting - Pitching for Campeche Piratas : RHP Quadir Glinton
Batting: SHB Luis Serrano 0-0: Ball
1-0: Fly out, F8 (Flyball, 8LS)
Batting: LHB Alfredo Ayon 0-0: DOUBLE (Flyball, 8RXD)
Batting: LHB Eric Portilla 0-0: Swinging Strike
0-1: Ball
1-1: Swinging Strike
1-2: Strikes out looking
Batting: RHB Donte Kolawole 0-0: Ball
1-0: Ball
2-0: Called Strike
2-1: Fly out, F8 (Flyball, 8LM)
Top of the 4th over - 0 runs, 1 hit, 0 errors, 1 left on base; Quintana Roo 1 - Campeche 2
BOTTOM OF THE 4TH
Campeche Piratas batting - Pitching for Quintana Roo Tigres : RHP Luis Garza
Batting: LHB Danny Lauher 0-0: Swinging Strike
0-1: Swinging Strike
0-2: Ball
1-2: Strikes out swinging
Batting: RHB Jon Norman 0-0: Called Strike
0-1: Swinging Strike
0-2: Ball
1-2: Ball
2-2: Ground out 6-3 (Groundball, 6)
Batting: LHB Ernesto Quispe 0-0: Ground out 6-3 (Groundball, 6S)
Bottom of the 4th over - 0 runs, 0 hits, 0 errors, 0 left on base; Quintana Roo 1 - Campeche 2
TOP OF THE 5TH
Quintana Roo Tigres batting - Pitching for Campeche Piratas : RHP Quadir Glinton
Batting: LHB Danny Helfrich 0-0: Called Strike
0-1: Fly out, F4 (Line Drive, 4)
Batting: LHB Kevin Jordan 0-0: Ball
1-0: Fly out, F6 (Flyball, 6MD)
Batting: LHB Cletus Goyette 0-0: Ball
1-0: Called Strike
1-1: Foul Ball, location: 2F
1-2: Ball
2-2: Foul Ball, location: 2F
2-2: Foul Ball, location: 2F
2-2: SINGLE (Groundball, 3) (infield hit)
Batting: LHB Humberto Laureano 0-0: Ball
1-0: Ball
2-0: Swinging Strike
2-1: Ball
3-1: Called Strike
3-2: DOUBLE (Groundball, 3L)
Cletus Goyette to third
Cletus Goyette scores
Batting: RHB Luis Morales 0-0: Fly out, F8 (Flyball, 8RD)
Top of the 5th over - 1 run, 2 hits, 0 errors, 1 left on base; Quintana Roo 2 - Campeche 2
BOTTOM OF THE 5TH
Campeche Piratas batting - Pitching for Quintana Roo Tigres : RHP Luis Garza
Batting: RHB Ken Rowden 0-0: Ball
1-0: Ball
2-0: Foul Ball, location: 2F
2-1: Fly out, F2 (Popup, 5SF)
Batting: LHB Tyrese Majied 0-0: Ball
1-0: Foul Ball, location: 2F
1-1: Ground out 6-3 (Groundball, 6)
Batting: RHB Sergio Valadez 0-0: Called Strike
0-1: Called Strike
0-2: Ball
1-2: Ball
2-2: Strikes out swinging
Bottom of the 5th over - 0 runs, 0 hits, 0 errors, 0 left on base; Quintana Roo 2 - Campeche 2
TOP OF THE 6TH
Quintana Roo Tigres batting - Pitching for Campeche Piratas : RHP Quadir Glinton
Batting: SHB Luis Serrano 0-0: Ball
1-0: Swinging Strike
1-1: Ball
2-1: Called Strike
2-2: Foul Ball, location: 2F
2-2: Strikes out swinging
Batting: LHB Alfredo Ayon 0-0: Foul Ball, location: 2F
0-1: Foul Ball, location: 2F
0-2: Strikes out looking
Batting: LHB Eric Portilla 0-0: Called Strike
0-1: Called Strike
0-2: Ball
1-2: Foul Ball, location: 2F
1-2: Foul Ball, location: 2F
1-2: SINGLE (Groundball, 4S) (infield hit)
Batting: RHB Donte Kolawole 0-0: Ball
1-0: Ball
2-0: Ball
3-0: Base on Balls
Eric Portilla to second
Batting: LHB Danny Helfrich 0-0: Called Strike
0-1: Swinging Strike
0-2: Fly out, F6 (Popup, 6M)
Top of the 6th over - 0 runs, 1 hit, 0 errors, 2 left on base; Quintana Roo 2 - Campeche 2
BOTTOM OF THE 6TH
Campeche Piratas batting - Pitching for Quintana Roo Tigres : RHP Luis Garza
Batting: LHB Sergio Carrillo 0-0: Ball
1-0: Foul Ball, location: 2F
1-1: Called Strike
1-2: Foul Ball, location: 2F
1-2: Strikes out looking
Batting: LHB Nate Moran 0-0: Called Strike
0-1: Swinging Strike
0-2: Ball
1-2: Strikes out swinging
Batting: RHB Juan Aluarez 0-0: Ball
1-0: Ball
2-0: Ball
3-0: Called Strike
3-1: Called Strike
3-2: Ground out 5-3 (Groundball, 56)
Bottom of the 6th over - 0 runs, 0 hits, 0 errors, 0 left on base; Quintana Roo 2 - Campeche 2
TOP OF THE 7TH
Quintana Roo Tigres batting - Pitching for Campeche Piratas : RHP Quadir Glinton
Pitching: LHP Gilberto Aguilar
Batting: LHB Kevin Jordan 0-0: Called Strike
0-1: Ground out 4-3 (Groundball, 4)
Batting: LHB Cletus Goyette 0-0: Called Strike
0-1: Swinging Strike
0-2: Foul Ball, location: 2F
0-2: SINGLE (Groundball, 34D)
Batting: LHB Humberto Laureano 0-0: Ball
1-0: Ball
2-0: Called Strike
2-1: Fly out, F7 (Flyball, 7S)
Batting: RHB Luis Morales 0-0: Ball
1-0: Foul Ball, location: 2F
1-1: Ball
2-1: Called Strike
2-2: Foul Ball, location: 2F
2-2: Strikes out swinging
Top of the 7th over - 0 runs, 1 hit, 0 errors, 1 left on base; Quintana Roo 2 - Campeche 2
BOTTOM OF THE 7TH
Campeche Piratas batting - Pitching for Quintana Roo Tigres : RHP Luis Garza
Pitching: RHP Sergio Salazar
Batting: LHB Danny Lauher 0-0: Ball
1-0: DOUBLE (Line Drive, 89M)
Batting: RHB Jon Norman 0-0: Intentional Walk
Batting: LHB Ernesto Quispe 0-0: Swinging Strike
0-1: Ball
1-1: Called Strike
1-2: Strikes out swinging
Batting: RHB Ken Rowden 0-0: Foul Ball, location: 2F
0-1: Called Strike
0-2: Strikes out swinging
Batting: LHB Tyrese Majied 0-0: Swinging Strike
0-1: Ball
1-1: Foul Ball, location: 2F
1-2: Fly out, F9 (Flyball, 89M)
Bottom of the 7th over - 0 runs, 1 hit, 0 errors, 2 left on base; Quintana Roo 2 - Campeche 2
TOP OF THE 8TH
Quintana Roo Tigres batting - Pitching for Campeche Piratas : LHP Gilberto Aguilar
Pitching: RHP Alfredo Nevares
Batting: SHB Luis Serrano 0-0: Ball
1-0: Foul Ball, location: 2F
1-1: Foul Ball, location: 2F
1-2: SINGLE (Line Drive, 6D)
Batting: LHB Alfredo Ayon 0-0: Foul Ball, location: 2F
0-1: Ball
1-1: Ball
2-1: Foul Ball, location: 2F
2-2: SINGLE (Line Drive, 89S)
Luis Serrano to second
Runner from 2nd tries for 3rd, SAFE, throw by RF made to third
Batting: LHB Eric Portilla 0-0: Fly out, F9 (Flyball, 9D)
Runner from 3rd tags up, SCORES, throw by RF
Batting: RHB Donte Kolawole 0-0: Foul Ball, location: 2F
0-1: Ball
1-1: Swinging Strike
1-2: Ball
2-2: Ball
3-2: Fly out, F8 (Flyball, 89XD)
Batting: LHB Danny Helfrich 0-0: Fielders Choice at 2nd, U4 (Groundball, 4M)
Top of the 8th over - 1 run, 2 hits, 0 errors, 1 left on base; Quintana Roo 3 - Campeche 2
BOTTOM OF THE 8TH
Campeche Piratas batting - Pitching for Quintana Roo Tigres : RHP Sergio Salazar
Now at C: Dave Norris
Batting: RHB Sergio Valadez 0-0: Ball
1-0: Called Strike
1-1: Ground out 5-3 (Groundball, 56S)
Batting: LHB Sergio Carrillo 0-0: Ball
1-0: Ball
2-0: Called Strike
2-1: Ground out 4-3 (Groundball, 4)
Batting: LHB Nate Moran 0-0: Ball
1-0: Ball
2-0: Called Strike
2-1: Foul Ball, location: 2F
2-2: SINGLE (Line Drive, 8LS)
Pinch Hitting: LHB Esteban Arboleda 0-0: Swinging Strike
0-1: Foul Ball, location: 2F
0-2: Foul Ball, location: 2F
0-2: Strikes out swinging
Bottom of the 8th over - 0 runs, 1 hit, 0 errors, 1 left on base; Quintana Roo 3 - Campeche 2
TOP OF THE 9TH
Quintana Roo Tigres batting - Pitching for Campeche Piratas : RHP Alfredo Nevares
Pitching: RHP Jim Van Aken
Now at 2B: Ken Welninski
Batting: LHB Kevin Jordan 0-0: Called Strike
0-1: Fly out, F3 (Line Drive, 3)
Batting: LHB Cletus Goyette 0-0: Ball
1-0: Ground out 4-3 (Groundball, 4)
Batting: LHB Humberto Laureano 0-0: Foul Ball, location: 2F
0-1: Ball
1-1: Swinging Strike
1-2: Ball
2-2: Foul Ball, location: 2F
2-2: Strikes out swinging
Top of the 9th over - 0 runs, 0 hits, 0 errors, 0 left on base; Quintana Roo 3 - Campeche 2
BOTTOM OF THE 9TH
Campeche Piratas batting - Pitching for Quintana Roo Tigres : RHP Sergio Salazar
Pitching: LHP Tim Moser
Batting: LHB Danny Lauher 0-0: Ball
1-0: Ball
2-0: Fly out, F8 (Flyball, 8LM)
Batting: RHB Jon Norman 0-0: Foul Ball, location: 2F
0-1: SINGLE (Line Drive, 7LM)
Batting: LHB Ernesto Quispe 0-0: Called Strike
0-1: Ball
Wild Pitch!
Jon Norman to second
1-1: Fly out, F9 (Flyball, 9S)
Batting: RHB Ken Rowden 0-0: Called Strike
0-1: Ball
1-1: Ball
2-1: SINGLE (Groundball, 6MD)
Jon Norman to third
Runner from 3rd tries for Home, SAFE, throw by CF to home
Ken Rowden to second
Pinch Hitting: RHB Juan Velarde 0-0: Ball
1-0: Ball
2-0: Ball
3-0: Called Strike
3-1: Base on Balls
Batting: RHB Sergio Valadez 0-0: Ball
1-0: Ball
2-0: Swinging Strike
2-1: Foul Ball, location: 2F
2-2: Strikes out swinging
Bottom of the 9th over - 1 run, 2 hits, 0 errors, 2 left on base; Quintana Roo 3 - Campeche 3
TOP OF THE 10TH
Quintana Roo Tigres batting - Pitching for Campeche Piratas : RHP Jim Van Aken
Now at C: Luis Aranda
Batting: RHB Luis Morales 0-0: Swinging Strike
0-1: Ball
1-1: Called Strike
1-2: Strikes out swinging, 2-3 out at first.
Batting: SHB Luis Serrano 0-0: Ball
1-0: Called Strike
1-1: Foul Ball, location: 2F
1-2: Foul Ball, location: 2F
1-2: Ball
2-2: Ball
3-2: Foul Ball, location: 2F
3-2: Foul Ball, location: 2F
3-2: Ground out 1-3 (Groundball, 34S)
Batting: LHB Alfredo Ayon 0-0: Ball
1-0: Foul Ball, location: 2F
1-1: Foul Ball, location: 2F
1-2: Hit by Pitch
Batting: LHB Eric Portilla 0-0: Swinging Strike
0-1: Ball
1-1: Foul Ball, location: 2F
1-2: Foul Ball, location: 2F
1-2: Strikes out swinging
Top of the 10th over - 0 runs, 0 hits, 0 errors, 1 left on base; Quintana Roo 3 - Campeche 3
BOTTOM OF THE 10TH
Campeche Piratas batting - Pitching for Quintana Roo Tigres : LHP Tim Moser
Pitching: LHP Rodolfo Amezcua
Batting: LHB Sergio Carrillo 0-0: Ball
1-0: Called Strike
1-1: Ball
2-1: Ball
3-1: SINGLE (Flyball, 7S)
Batting: LHB Nate Moran 0-0: Called Strike
0-1: Ball
1-1: Foul Ball, location: 2F
1-2: Ball
2-2: Ball
3-2: Foul Ball, location: 2F
3-2: Foul Ball, location: 2F
3-2: Fielders Choice at 2nd, 1-6 (Groundball, P)
Batting: RHB Ken Welninski 0-0: Ball
1-0: Foul Ball, location: 2F
1-1: Called Strike
1-2: Grounds into double play, 6-4-3 (Groundball, 6)
Bottom of the 10th over - 0 runs, 1 hit, 0 errors, 0 left on base; Quintana Roo 3 - Campeche 3
TOP OF THE 11TH
Quintana Roo Tigres batting - Pitching for Campeche Piratas : RHP Jim Van Aken
Pitching: RHP Jorge Rangel
Batting: RHB Donte Kolawole 0-0: Ball
1-0: Ball
2-0: Called Strike
2-1: Swinging Strike
2-2: Strikes out swinging
Batting: RHB Dave Norris 0-0: Ball
1-0: Ball
2-0: Ball
3-0: Called Strike
3-1: Foul Ball, location: 2F
3-2: Reached on error, E5 (Groundball, 56S)
Batting: LHB Kevin Jordan 0-0: Swinging Strike
0-1: Called Strike
0-2: Ball
Wild Pitch!
Dave Norris to third
1-2: Ball
2-2: SINGLE (Groundball, 6D)
Dave Norris scores
Batting: LHB Cletus Goyette 0-0: Ball
1-0: Swinging Strike
1-1: Ball
2-1: Ball
3-1: Foul Ball, location: 2F
3-2: Strikes out swinging
Batting: LHB Humberto Laureano 0-0: Ball
1-0: Fly out, F8 (Flyball, 8LD)
Top of the 11th over - 1 run, 1 hit, 1 error, 1 left on base; Quintana Roo 4 - Campeche 3
BOTTOM OF THE 11TH
Campeche Piratas batting - Pitching for Quintana Roo Tigres : LHP Rodolfo Amezcua
Batting: LHB Danny Lauher 0-0: Ground out 2-3 (Groundball, 13S)
Batting: RHB Jon Norman 0-0: Called Strike
0-1: Called Strike
0-2: Ball
1-2: Ball
2-2: Ball
3-2: SINGLE (Groundball, 4MD)
Batting: LHB Ernesto Quispe 0-0: Ball
1-0: 2-RUN HOME RUN (Flyball, 9LD), Distance : 334 ft
Tuesday, February 26th, 2019 - OOTP Baseball 19.14 Build 136